 Dungeon Crawl Stone Soup version 0.26-a0-658-gbdda728c12 (webtiles) character file.

Game seed: 4193569953466532120

9079 droidtality the Basher (level 11, 0/64 HPs)
             Began as a Gargoyle Fighter on Oct 5, 2020.
             Was an Elder of Okawaru.
             Slain by a boulder beetle (3 damage)
             ... on level 11 of the Dungeon.
             The game lasted 00:23:09 (11494 turns).

droidtality the Basher (Gargoyle Fighter)          Turns: 11494, Time: 00:23:09

Health: 0/64       AC: 27    Str: 25    XL:     11   Next: 40%
Magic:  9/11       EV: 12    Int:  9    God:    Okawaru [****..]
Gold:   517        SH: 26    Dex: 10    Spells: 10/10 levels left

rFire    . . .     SeeInvis .   I - +0 mace (protect)
rCold    . . .     Faith    .   G - +0 tower shield
rNeg     + + +     Spirit   .   b - +0 scale mail
rPois    ∞         Reflect  +   (no helmet)
rElec    +         Harm     .   x - +2 ratskin cloak {*Rats rPois rN+ Str-1 Int-1 Dex+1}
rCorr    .         Rampage  .   (no gloves)
MR       +....                  (no boots)
Stlth    ++........             l - amulet of reflection
HPRegen  0.20/turn              a - ring of protection from magic
MPRegen  0.12/turn              y - ring "Linluto" {rN+ Str+4}

@: heroism, protection aura
A: negative energy resistance 1, electricity resistance, unbreathing,
petrification resistance, rot immunity, AC +8
a: Heroism, Renounce Religion


You were on level 11 of the Dungeon.
You worshipped Okawaru.
Okawaru was greatly pleased with you.
You visited 2 branches of the dungeon, and saw 13 of its levels.

You collected 818 gold pieces.
You spent 301 gold pieces at shops.

Inventory:

Hand Weapons
 I - a +0 mace of protection (weapon)
Armour
 b - a +0 scale mail (worn)
 x - the +2 ratskin cloak (worn) {*Rats rPois rN+ Str-1 Int-1 Dex+1}
   (You found it on level 8 of the Dungeon)

   It affects your strength (-1).
   It affects your intelligence (-1).
   It affects your dexterity (+1).
   It protects you from poison.
   It protects you from negative energy.
 G - a +0 tower shield (worn)
Jewellery
 a - a ring of protection from magic (left hand)
 c - the amulet of Paranoia {Acrobat rC+}
   (You found it on level 10 of the Dungeon)

   [amulet of the acrobat]

   It helps you evade while moving and waiting.
   It protects you from cold.
 d - an uncursed ring of flight {unknown}
 e - an uncursed ring of stealth
 l - an amulet of reflection (around neck)
 y - the ring "Linluto" (right hand) {rN+ Str+4}
   (You found it on level 5 of the Dungeon)

   [ring of positive energy]

   It affects your strength (+4).
   It protects you from negative energy.
Wands
 A - a wand of flame (25)
 B - a wand of paralysis (7)
 H - a wand of iceblast (9)
Scrolls
 f - 9 scrolls of remove curse
 g - 2 scrolls of fear {unknown}
 i - 3 scrolls of amnesia
 q - 3 scrolls of enchant armour
 r - 2 scrolls of immolation
 s - 2 scrolls of magic mapping
 t - 5 scrolls of enchant weapon
 u - a scroll of fog
 z - 4 scrolls of identify
 C - a scroll of torment
Potions
 j - 8 potions of flight
 k - a potion of resistance
 n - 4 potions of brilliance
 p - 3 potions of haste
 v - 2 potions of mutation
 w - a potion of berserk rage {unknown}
 D - a potion of invisibility {unknown}
 E - 2 potions of curing {unknown}
 F - a potion of lignification


   Skills:
 + Level 6.1(11.1) Fighting
 * Level 12.0(17.0) Maces & Flails
 + Level 6.4(11.4) Armour
 + Level 3.9(8.9) Dodging
 - Level 0.9(5.9) Stealth
 + Level 10.7(15.7) Shields
 + Level 0.4 Invocations


You had 10 spell levels left.
You didn't know any spells.
Your spell library contained the following spells:

 Spells                   Type           Power        Failure   Level
 Confusing Touch          Hex            #.......     100%        3
 Gell's Gravitas          Tloc           #.........   100%        3
 Petrify                  Tmut/Erth      #.......     100%        4
 Metabolic Englaciation   Hex/Ice        #.........   100%        5
 Yara's Violent Unravell  Hex/Tmut       #.........   100%        5


Dungeon Overview and Level Annotations

Branches:
Dungeon (12/15)            Temple (1/1) D:7             Orc (0/2) D:11
   Lair: D:8-11

Altars:
Ashenzari
Cheibriados
Dithmenos
Elyvilon
Fedhas
Gozag
Hepliaklqana
Kikubaaqudgha
Makhleb
Nemelex Xobeh
Okawaru
Qazlal
Ru
Sif Muna
Trog
Uskayaw
Vehumet
Wu Jian
Xom
Yredelemnul
Zin
The Shining One

Shops:
D:4 ?   D:12 [

Annotations:
D:8 2 transporters, strifetoe's ghost, novice SpBr
D:12 Snorg


Innate Abilities, Weirdness & Mutations

You are resistant to torment.
Your stone body is resilient. (AC +8)
You are immune to poison.
You resist negative energy. (rN+)
You are resistant to electric shocks. (rElec)
You can survive without breathing.
You are immune to petrification.
You are immune to rotting.


Message History

You are too injured to fight recklessly!
You are too injured to fight recklessly!
You are too injured to fight recklessly!
You are too injured to fight recklessly!
You are too injured to fight recklessly!
You are too injured to fight recklessly!
You are too injured to fight recklessly!
You are too injured to fight recklessly!
You are too injured to fight recklessly!
You are too injured to fight recklessly!
You are too injured to fight recklessly!
You are too injured to fight recklessly!
You are too injured to fight recklessly!
You are too injured to fight recklessly!
You are too injured to fight recklessly!
Unknown command.
Okay, then.
You gain the combat prowess of a mighty hero.
The boulder beetle bites you.
You die...

...........###....8.##.. ...
..........# #.......### ......
.........###.))##..... ......
#..........##.######## ......
#...........#..##.....
......###...........#......###
....................##....##.(
.............r.......#......(.
.............@.....#.##...##..
#.>............B.....#
##...###
...............(°..... ###....
..#............#°.... #####
#.............#....#
##.......÷÷.....#..#.
#.....#.........# ##
###..#...>....#....
####...###.#.#.##


You could see a boulder beetle and a friendly river rat.

Vanquished Creatures
  2 two-headed ogres
  A deep elf mage (D:10)
  A cyclops (D:10)
  A centaur zombie (D:10)
  A polar bear (D:12)
  A troll (D:12)
  A hornet (D:11)
  3 slime creatures (D:11)
  A shadow (D:12)
  A wyvern (D:8)
  2 yaks
  A wraith (D:10)
  Menkaure (D:6)
  A water moccasin (D:7)
  4 orc warriors
  2 ice beasts
  5 sky beasts
  2 black bears
  2 phantoms
  4 ogres
  3 centaurs
  A big kobold (D:10)
  A gnoll sergeant (D:6)
  6 bullfrogs
  A wyvern zombie (D:9)
  4 scorpions
  A bullfrog zombie (D:5)
  2 quasits
  A centaur skeleton (D:5)
  3 bullfrog skeletons
  2 jellies
  4 orc priests
  3 hounds
  5 orc wizards
  3 iguanas
  3 worker ants
  Natasha (thrice) (D:4)
  3 hell rats (D:8)
  Terence (D:3)
  A killer bee zombie (D:8)
  2 hound zombies
  A hound skeleton (D:7)
  3 gnolls (D:6)
  4 river rats (D:8)
  11 adders
  A hound simulacrum (D:10)
  2 ufetubi
  An ooze (D:2)
  An adder skeleton (D:4)
  2 dart slugs
  A worm (D:2)
  7 leopard geckos
  23 orcs
  6 giant cockroaches
  8 goblins
  10 hobgoblins
  14 jackals
  6 quokkas
  3 bats
  8 frilled lizards
  15 kobolds
  A leopard gecko zombie (D:7)
  26 rats
244 creatures vanquished.

Vanquished Creatures (collateral kills)
  Nergalle (D:10)
  A manticore (D:11)
  A wraith (D:10)
  An orc wizard (D:10)
  A worker ant (D:10)
  An orc (D:10)
6 creatures vanquished.

Vanquished Creatures (others)
  A kobold (D:3)
  2 fungi (D:2)
  5 toadstools (D:2)
8 creatures vanquished.

Grand Total: 258 creatures vanquished

Notes
Turn   | Place    | Note
-------+----------+-------------------------------------------
     0 | D:1      | droidtality the Gargoyle Fighter began the quest for the
                  | Orb.
     0 | D:1      | Reached XP level 1. HP: 14/14 MP: 1/1
    56 | D:1      | Reached XP level 2. HP: 18/19 MP: 2/2
   401 | D:1      | Reached XP level 3. HP: 21/23 MP: 3/3
   935 | D:2      | Found a bloodstained altar of Trog.
  1138 | D:2      | Reached XP level 4. HP: 28/28 MP: 4/4
  1452 | D:2      | Reached skill level 3 in Maces & Flails
  2159 | D:3      | Reached XP level 5. HP: 33/33 MP: 5/5
  2583 | D:3      | Found a faded altar of an unknown god.
  2592 | D:3      | Noticed Terence
  2596 | D:3      | Killed Terence
  2754 | D:4      | Reached skill level 4 in Maces & Flails
  2754 | D:4      | Reached skill level 1 in Dodging
  2771 | D:4      | Noticed an ogre
  2778 | D:4      | Noticed a phantom
  2788 | D:4      | Killed an ogre
  2788 | D:4      | Reached XP level 6. HP: 13/38 MP: 6/6
  2944 | D:4      | Killed a phantom
  2944 | D:4      | Reached skill level 5 in Maces & Flails
  3077 | D:4      | Found Fov Veejivvu's Magic Scroll Shoppe.
  3085 | D:4      | Bought a scroll of identify for 22 gold pieces
  3085 | D:4      | Bought a scroll of identify for 22 gold pieces
  3085 | D:4      | Bought a scroll of identify for 22 gold pieces
  3085 | D:4      | Bought a scroll of magic mapping for 38 gold pieces
  3085 | D:4      | Bought a scroll of remove curse for 33 gold pieces
  3085 | D:4      | Bought a scroll of enchant weapon for 82 gold pieces
  3085 | D:4      | Bought a scroll of enchant weapon for 82 gold pieces
  3156 | D:4      | Noticed Natasha
  3161 | D:4      | Killed Natasha
  3161 | D:4      | Reached skill level 5 in Shields
  3161 | D:4      | Reached XP level 7. HP: 42/42 MP: 7/7
  3174 | D:4      | Noticed Natasha
  3186 | D:4      | Killed Natasha
  3284 | D:4      | Noticed Natasha
  3290 | D:4      | Killed Natasha
  3630 | D:5      | Entered Level 5 of the Dungeon
  3915 | D:5      | Got an ancient turquoise ring
  3934 | D:5      | Identified the ring "Linluto" {rN+ Str+4} (You found it on
                  | level 5 of the Dungeon)
  4024 | D:5      | Got an ichor-stained plate armour
  4035 | D:5      | Identified the +6 plate armour "Giguciel" {Harm *Corrode
                  | Str+3} (You found it on level 5 of the Dungeon)
  4334 | D:6      | Reached skill level 6 in Maces & Flails
  4754 | D:6      | Reached XP level 8. HP: 48/48 MP: 8/8
  5024 | D:6      | Reached skill level 7 in Maces & Flails
  5258 | D:6      | Noticed Menkaure
  5273 | D:6      | Killed Menkaure
  5768 | D:6      | Reached skill level 8 in Maces & Flails
  5778 | D:7      | Found a staircase to the Ecumenical Temple.
  5799 | D:7      | Reached XP level 9. HP: 49/52 MP: 9/9
  5802 | Temple   | Entered the Ecumenical Temple
  5964 | Temple   | Became a worshipper of Warmaster Okawaru
  6817 | D:8      | Reached skill level 9 in Maces & Flails
  6826 | D:8      | Reached * piety under Okawaru
  6854 | D:8      | Found a bloodstained altar of Trog.
  6854 | D:8      | Noticed strifetoe's ghost (novice SpBr)
  6854 | D:8      | Noticed a troll
  6857 | D:8      | Found a transporter.
  6860 | D:8      | Noticed a moth of wrath
  6861 | D:8      | Found a transporter.
  7167 | D:8      | Found the +2 ratskin cloak {*Rats rPois rN+ Str-1 Int-1
                  | Dex+1}
  7309 | D:8      | Reached skill level 5 in Fighting
  7720 | D:8      | Reached skill level 5 in Armour
  7852 | D:8      | Reached ** piety under Okawaru
  8084 | D:9      | Noticed a skeletal warrior
  8084 | D:9      | Noticed a skeletal warrior
  8086 | D:9      | Noticed a death knight
  8534 | D:9      | Noticed a two-headed ogre
  8542 | D:9      | Killed a two-headed ogre
  8542 | D:9      | Reached skill level 10 in Maces & Flails
  8542 | D:9      | Reached XP level 10. HP: 42/59 MP: 10/10
  8916 | D:10     | Entered Level 10 of the Dungeon
  9192 | D:10     | Noticed a cyclops
  9194 | D:10     | Killed a cyclops
  9194 | D:10     | Noticed a deep elf mage
  9208 | D:10     | HP: 1/59 [fire elemental[a deep elf mage] (7)]
  9220 | D:10     | Reached *** piety under Okawaru
  9227 | D:10     | Killed a deep elf mage
  9244 | D:10     | Got a pitted zirconium amulet
  9255 | D:10     | Identified the amulet of Paranoia {Acrobat rC+} (You found
                  | it on level 10 of the Dungeon)
  9445 | D:10     | Noticed a two-headed ogre
  9447 | D:10     | Noticed Nergalle
  9456 | D:10     | Killed a two-headed ogre
  9456 | D:10     | Reached skill level 11 in Maces & Flails
  9466 | D:10     | Killed Nergalle
  9466 | D:10     | Reached skill level 10 in Shields
  9570 | D:10     | Reached **** piety under Okawaru
  9586 | D:10     | You fall into a shaft and drop 1 floor!
  9587 | D:11     | Noticed a skeletal warrior
  9587 | D:11     | Noticed a skeletal warrior
  9587 | D:11     | Noticed a skeletal warrior
  9587 | D:11     | Noticed a skeletal warrior
  9590 | D:11     | Found a staircase to the Orcish Mines.
  9600 | D:11     | Reached XP level 11. HP: 51/64 MP: 11/11
 10250 | D:11     | HP: 3/64 [very large slime creature (18)]
 10850 | D:11     | Noticed a manticore
 10863 | D:11     | HP: 2/64 [barbs]
 11000 | D:12     | Noticed a cyclops
 11019 | D:12     | Found Teabbieth's Armour Boutique.
 11120 | D:12     | Noticed Snorg
 11225 | D:11     | Reached skill level 12 in Maces & Flails
 11233 | D:11     | Killed a manticore
 11386 | D:11     | Noticed a boulder beetle
 11493 | D:11     | HP: 3/64 [boulder beetle (39)]
 11494 | D:11     | Slain by a boulder beetle

Illustrated notes

Levels and vault maps discovered:
D:1:      scummos_arrival_checkerplants, layout_loops_ring, minmay_tall_x
D:2:      layout_basic, bloody_trog, kennysheep_cross_room,
          minmay_gold_behind_fungi, minmay_misc_feat_five, minmay_3d_cube
D:3:      wad_crossroads, layout_loops_ring, chequers_ecumenical_altar_twisty,
          uniq_terence
D:4:      layout_loops_ring, serial_shops, shop, uniq_natasha
D:5:      layout_loops_ring, hex_large, hangedman_abyss_or_decor_stabs
D:6:      layout_basic, grunt_tough_drop, uniq_menkaure
D:7:      layout_rooms, minmay_temple_entry_statues_fountains
D:8:      wander_guarded_unrand_ratskin, layout_rooms,
          gammafunk_ghost_wrathful_warriors
D:9:      layout_gridville, lair_entry_dummy, grunt_ministairs_11
D:10:     hangedman_cross_cluster, layout_cave_pools, eino_jars, uniq_nergalle,
          uniq_urug
D:11:     layout_big_octagon, david_orc_1_choice, serial_shops,
          nicolae_shop_trees, enter_trove_0
D:12:     layout_cave_pools, serial_ice, serial_ice_n, serial_ice_e,
          serial_ice_g, serial_ice_m, serial_shops, shop_coins, tgw_xom,
          uniq_snorg
Temple:   kilobyte_greek_temple

Skill      XL: |  1  2  3  4  5  6  7  8  9 10 11 |
---------------+----------------------------------+-----
Shields        | 4 5 6 8 10 | 10.7
Maces & Flails | 3 4 5 6 8 10 11 12 | 12.0
Dodging        | 1 2 3 |  3.9
Armour         | 4 5 6 |  6.4
Fighting       | 4 5 6 |  6.1
Stealth        | |  0.9
Invocations    | |  0.4

Action                   |  1- 3 |  4- 6 |  7- 9 | 10-12 || total
-------------------------+-------+-------+-------+-------++-------
Melee: Flail             |   166 |   223 |   525 |       ||   914
       Mace              |       |       |    26 |   537 ||   563
Invok: Heroism           |       |       |     2 |    11 ||    13
  Use: Scroll            |       |       |    18 |    10 ||    28
       Potion            |       |       |     1 |     9 ||    10
 Stab: Distracted        |       |       |       |     1 ||     1
Armor: Scale mail        |    90 |    54 |   176 |   179 ||   499
       Skin              |       |       |       |     9 ||     9
Dodge: Dodged            |    76 |    72 |   211 |    79 ||   438
Block: Kite shield       |   111 |   180 |   487 |    16 ||   794
       Reflection        |     1 |    12 |     4 |    18 ||    35
       Tower shield      |       |       |       |   516 ||   516

Table legend: (Time is in decaauts)
 A = Elapsed time spent in this place.
 B = Non-inter-level travel time spent in this place.
 C = Inter-level travel time spent in this place.
 D = Time resting spent in this place.
 E = Time spent auto-exploring this place.
 F = Levels seen in this place.
 G = Mean time per level.
                   A        B        C        D        E       F      G
               +--------+--------+--------+--------+--------+-----+--------+
         Total |  11605 |  11028 |    577 |   2346 |   5951 |  13 |  892.7 |
       Dungeon |  11411 |  10890 |    521 |   2346 |   5815 |  12 |  950.9 |
        Temple |    194 |    138 |     56 |      0 |    136 |   1 |  194.0 |
               +--------+--------+--------+--------+--------+-----+--------+

Top non-repeatable levels by time:
    D:11: 1612 daAuts
     D:7: 1241 daAuts
     D:6: 1191 daAuts
     D:2: 1068 daAuts
     D:1: 976 daAuts
     D:5: 976 daAuts
     D:4: 934 daAuts
     D:8: 862 daAuts
     D:9: 837 daAuts
     D:3: 779 daAuts
    D:10: 673 daAuts
    D:12: 256 daAuts
  Temple: 194 daAuts
